 Seeded DCSS version 0.27.1-3-gb3d3a73c9e (webtiles) character file.

Game seed: 20211029 (custom seed)

63 jessy the Skirmisher (level 4, -2/40 HPs)
             Began as a Hill Orc Berserker on Oct 29, 2021.
             Was a Believer of Trog.
             Slain by Sigmund (11 damage)
             ... on level 3 of the Dungeon.
             The game lasted 00:08:16 (2286 turns).

jessy the Skirmisher (Hill Orc Berserker)           Turns: 2286, Time: 00:08:16

Health: -2/40      AC:  8    Str: 20    XL:     4   Next: 10%
Magic:  4/4        EV: 12    Int:  7    God:    Trog [**....]
Gold:   53         SH:  0    Dex: 10    Spells: 3/3 levels left

rFire    . . .     SeeInvis .   f - +0 war axe
rCold    . . .     Faith    .   (no shield)
rNeg     . . .     Spirit   .   o - +0 chain mail
rPois    .         Reflect  .   (no helmet)
rElec    .         Harm     .   (no cloak)
rCorr    .         Rampage  .   (no gloves)
Will     .....                  (no boots)
Stlth    ..........             (no amulet)
HPRegen  0.13/turn              j - +4 ring of evasion
MPRegen  0.09/turn              (no ring)

@: no status effects
A: no striking features
a: Renounce Religion, Berserk, Trog's Hand


You were on level 3 of the Dungeon.
You worshipped Trog.
Trog was pleased with you.
You visited 1 branch of the dungeon, and saw 3 of its levels.

You collected 53 gold pieces.

Inventory:

Hand Weapons
 a - a +0 mace
 f - a +0 war axe (weapon)
 q - a +0 hunting sling
Missiles
 g - 12 poisoned darts (quivered)
 k - 6 boomerangs
Armour
 b - a +0 animal skin
 d - a +0 robe
 i - a +0 leather armour
 o - a +0 chain mail (worn)
Jewellery
 j - a +4 ring of evasion (left hand)
Scrolls
 e - a scroll of amnesia {unknown}
 l - a scroll of teleportation {unknown}
 n - a scroll of blinking {unknown}
 p - a scroll of magic mapping {unknown}
 r - a scroll of fog {unknown}
Potions
 c - a potion of haste {unknown}
 h - a potion of attraction {unknown}
 m - 2 potions of ambrosia {unknown}


   Skills:
 + Level 4.1 Fighting
 + Level 2.4(4.0) Axes
 + Level 4.0(4.3) Maces & Flails
 + Level 2.4 Armour
 + Level 1.8 Dodging


You had 3 spell levels left.
You didn't know any spells.
Your spell library was empty.

Dungeon Overview and Level Annotations

Branches:
Dungeon (3/15)

Altars:

Annotations:
D:3 Sigmund


Message History

You kill the bat!
Trog accepts your kill.
You see here a bat corpse.
Found a scroll labelled MIDIOMNUL TEEGG.
r - a scroll labelled MIDIOMNUL TEEGG An orc comes into view.
It is wielding a +0 hand axe.
The orc shouts!
The orc barely misses you.
Sigmund the Dreaded comes into view.
He is wielding a +0 scythe of protection.
You barely miss the orc.
Sigmund shouts!
The orc hits you with a +0 hand axe.
Sigmund casts a spell.
Sigmund flickers and vanishes!
Deactivating autopickup; reactivate with Ctrl-A.
You slash the orc!
You kill the orc!
Trog accepts your kill.
You can now call upon Trog for regeneration and willpower.
Things that are here:
a +0 hand axe; an orc corpse Something hits you.
You closely miss something. Something hits you but does no damage.
You hit something but do no damage. Something hits you.
You slash something! Something hits you!
You slash something! Something hits you but does no damage.
You miss something. You hit something. Something hits you but does no damage.
You closely miss something. Something hits you.
You closely miss something. Something hits you!
You miss something. Something hits you but does no damage.
You miss something. Something hits you.
* * * LOW HITPOINT WARNING * * *
You hit something but do no damage.
You hear some strange, mumbled words.
A magic dart appears from out of thin air!
The magic dart hits you.
* * * LOW HITPOINT WARNING * * *
You slash something! Something hits you!
You die...

# # # ###
########.#
#.#####
#...)@{..#
#(.....
#.##.#.###
#.##### #.##.#.#
#.# #.##.#.# #.#
#......#######
#.#
#............#
#.#
##.#.#.......#
#.#
#.#......†..###.#
#...........'...#


There were no monsters in sight!

Vanquished Creatures
  Jessica (D:2)
  A dart slug (D:1)
  An orc (D:3)
  A ball python (D:2)
  3 bats
  5 endoplasms (D:1)
  2 giant cockroaches
  2 goblins (D:1)
  2 hobgoblins (D:1)
  4 quokkas
  A frilled lizard (D:1)
  A kobold (D:1)
  8 rats (D:1)
32 creatures vanquished.

Notes
Turn   | Place    | Note
-------+----------+-------------------------------------------
     0 | D:1      | jessy the Hill Orc Berserker began the quest for the Orb.
     0 | D:1      | Reached XP level 1. HP: 19/19 MP: 1/1
   232 | D:1      | Reached XP level 2. HP: 17/27 MP: 2/2
   794 | D:1      | Found a faded altar of an unknown god.
   800 | D:1      | Reached skill level 1 in Axes
   800 | D:1      | Reached XP level 3. HP: 33/33 MP: 3/3
  1574 | D:2      | Noticed Jessica
  1582 | D:2      | Killed Jessica
  1583 | D:2      | Reached XP level 4. HP: 27/40 MP: 4/4
  2270 | D:3      | Noticed Sigmund
  2272 | D:3      | Reached ** piety under Trog
  2286 | D:3      | Slain by Sigmund

Illustrated notes

Levels and vault maps discovered:
D:1:      onia_arrival_handbag, layout_basic, basic_ecumenical_altar
D:2:      layout_basic, uniq_jessica
D:3:      layout_basic, cheibrodos_gnoll_hut, uniq_sigmund

Skill      XL: |  1  2  3 |
---------------+----------+-----
Maces & Flails | 4 |  4.0
Axes           | 1 2 |  2.4
Fighting       | 4 |  4.1
Armour         | |  2.4
Dodging        | |  1.8

Action                   |  1- 3 |  4- 6 || total
-------------------------+-------+-------++-------
Melee: Mace              |    14 |       ||    14
       War axe           |    51 |    19 ||    70
Armor: Robe              |     2 |       ||     2
       Animal skin       |     2 |       ||     2
       Leather armour    |    22 |       ||    22
       Chain mail        |     2 |     6 ||     8
Dodge: Dodged            |    61 |     8 ||    69
